 Dungeon Crawl Stone Soup version 0.30-a0-824-g6c64550be9 (webtiles) character file.

Game seed: 591318272346373148

2425420 demibob the Conqueror (level 27, 165/249 HPs)
             Began as a Demonspawn Gladiator on Feb 27, 2023.
             Was an Initiate of Gozag.
             Escaped with the Orb
             ... and 4 runes!
             The game lasted 02:56:58 (66553 turns).

demibob the Conqueror (Demonspawn Gladiator)       Turns: 66553, Time: 02:56:59

Health: 165/249    AC: 40    Str: 30    XL:     27
Magic:  23/23      EV: 36    Int: 15    God:    Gozag
Gold:   1746       SH: 20    Dex: 32    Spells: 26/26 levels left

rFire   + + +      SeeInvis .    b - +18 lance "Wyrmbane" {slay drac, rPois rF+ rC+ AC+3}
rCold   + + +      Faith    +    t - +2 kite shield {reflect}
rNeg    + + +      Spirit   .    p - +8 fire dragon scales
rPois   +          Reflect  +    Z - -2 hat of the Alchemist {rElec rPois rF+ rC+ rN+ Will+ rMut rCorr}
rElec   +          Harm     +    T - scarf {harm}
rCorr   +          Rampage  .    (gloves unavailable)
rMut    +                        c - +2 pair of boots of Ignis, Devouring {Str+4 Dex+6 Stlth-}
Will    +++..                    y - amulet "Akhlecot" {Faith rPois rF++ Str+8 Dex-2} Stlth
                                 D - ring of the Tortoise {AC+8}
HPRegen 0.61/turn                I - ring "Fuofrid" {Fly rF- rC++ rN+++ Int+6}
MPRegen 0.18/turn

@: flying, studying Fire Magic
A: yellow scales 3, powered by death 3, spiny 3, black mark, bedeviling, aura of
silence, demonic touch 3, agile 1, heat vulnerability 1
0: Orb of Zot
}: 4/15 runes: serpentine, barnacled, slimy, silver
a: Renounce Religion, Potion Petition, Call Merchant, Bribe Branch


You escaped.
You worshipped Gozag.
Gozag was most pleased with you.
You visited 12 branches of the dungeon, and saw 56 of its levels.
You visited the Abyss 1 time.
You also visited: Gauntlet and Wizlab.

You collected 34402 gold pieces.
You spent 9286 gold pieces at shops.
You paid 23370 gold pieces to Gozag.


Innate Abilities, Weirdness & Mutations

You are completely covered in yellow scales. (AC +4, rCorr)
You regenerate a lot of health from kills.
You are completely covered in sharp spines.
Your melee attacks may debilitate your foes.
Your hexes are more powerful.
You are surrounded by an aura of silence.
Your touch may irresistibly damage your foes and sap their willpower.
You are agile. (Dex +4, Str/Int -1)
You are vulnerable to heat. (rF-)


   Skills:
 O Level 27 Fighting
 - Level 12.0 Maces & Flails
 - Level 15.7 Polearms
 - Level 1.7 Throwing
 - Level 21.3 Armour
 + Level 23.8 Dodging
 + Level 18.7 Shields
 - Level 14.7 Evocations


You had 26 spell levels left.
You didn't know any spells.
Your spell library contained the following spells:

 Spells                   Type           Power      Damage    Failure   Level
 Apportation              Tloc           0%         N/A       54%         1
 Beastly Appendage        Tmut           0%         N/A       54%         1
 Foxfire                  Conj/Fire      0%         2x1d4     54%         1
 Kiss of Death            Conj/Necr      0%         2d5       54%         1
 Magic Dart               Conj           0%         1d3       54%         1
 Necrotise                Necr           0%         1d4       54%         1
 Shock                    Conj/Air       0%         1d3       54%         1
 Slow                     Hex            0%         N/A       54%         1
 Sting                    Tmut/Pois      0%         1d3       54%         1
 Call Imp                 Summ           0%         N/A       69%         2
 Cigotuvi's Dreadful Rot  Necr/Pois/Air  0%         N/A       69%         2
 Ensorcelled Hibernation  Hex/Ice        0%         N/A       69%         2
 Passwall                 Tmut/Erth      0%         N/A       69%         2
 Poisonous Vapours        Pois/Air       0%         N/A       69%         2
 Searing Ray              Conj           0%         2d4       69%         2
 Sublimation of Blood     Necr           0%         N/A       69%         2
 Wereblood                Tmut           0%         N/A       69%         2
 Confusing Touch          Hex            0%         N/A       89%         3
 Dazzling Flash           Conj/Hex       0%         N/A       89%         3
 Gell's Gravitas          Tloc           0%         N/A       89%         3
 Hailstorm                Conj/Ice       0%         3d3       89%         3
 Ignite Poison            Fire/Tmut/Pois 0%         N/A       89%         3
 Inner Flame              Hex/Fire       0%         N/A       89%         3
 Mephitic Cloud           Conj/Pois/Air  0%         N/A       89%         3
 Ozocubu's Armour         Ice            0%         N/A       89%         3
 Spider Form              Tmut/Pois      0%         N/A       89%         3
 Summon Guardian Golem    Hex/Summ       0%         N/A       89%         3
 Swiftness                Air            0%         N/A       89%         3
 Teleport Other           Tloc           0%         N/A       89%         3
 Tukima's Dance           Hex            0%         N/A       89%         3
 Vampiric Draining        Necr           0%         2d6       89%         3
 Vhi's Electric Charge    Tloc/Air       0%         N/A       89%         3
 Airstrike                Air            0%         2d(0-16)  100%        4
 Anguish                  Hex/Necr       0%         N/A       100%        4
 Animate Armour           Summ/Erth      0%         N/A       100%        4
 Dispel Undead            Necr           0%         3d6       100%        4
 Flame Wave               Conj/Fire      0%         2d4       100%        4
 Fulminant Prism          Conj/Hex       0%         3d5       100%        4
 Ice Form                 Ice/Tmut       0%         N/A       100%        4
 Iskenderun's Mystic Bla  Conj/Tloc      0%         2d3       100%        4
 Leda's Liquefaction      Hex/Erth       0%         N/A       100%        4
 Manifold Assault         Tloc           0%         N/A       100%        4
 Olgreb's Toxic Radiance  Pois           0%         N/A       100%        4
 Passage of Golubria      Tloc           0%         N/A       100%        4
 Petrify                  Tmut/Erth      0%         N/A       100%        4
 Sticky Flame             Conj/Fire      0%         2d3       100%        4
 Summon Ice Beast         Ice/Summ       0%         N/A       100%        4
 Summon Lightning Spire   Summ/Air       0%         N/A       100%        4
 Alistair's Intoxication  Tmut/Pois      0%         N/A       100%        5
 Blade Hands              Tmut           0%         N/A       100%        5
 Borgnjor's Vile Clutch   Necr/Erth      0%         N/A       100%        5
 Fireball                 Conj/Fire      0%         3d3       100%        5
 Freezing Cloud           Conj/Ice/Air   0%         6-21      100%        5
 Irradiate                Conj/Tmut      0%         3d11      100%        5
 Iskenderun's Battlesphe  Conj           0%         2d6       100%        5
 Lee's Rapid Deconstruct  Erth           0%         3d4*      100%        5
 Lightning Bolt           Conj/Air       0%         1d11      100%        5
 Metabolic Englaciation   Hex/Ice        0%         N/A       100%        5
 Summon Mana Viper        Hex/Summ       0%         N/A       100%        5
 Yara's Violent Unravell  Hex/Tmut       0%         3d3       100%        5
 Conjure Ball Lightning   Conj/Air       0%         3x3d6     100%        6
 Death Channel            Necr           0%         N/A       100%        6
 Dispersal                Tloc           0%         N/A       100%        6
 Eringya's Noxious Bog    Tmut/Pois      0%         N/A       100%        6
 Starburst                Conj/Fire      0%         6d3       100%        6
 Statue Form              Tmut/Erth      0%         N/A       100%        6
 Dragon Form              Tmut           0%         N/A       100%        7
 Enfeeble                 Hex            0%         N/A       100%        7
 Malign Gateway           Summ/Tloc      0%         N/A       100%        7
 Monstrous Menagerie      Summ           0%         N/A       100%        7
 Orb of Destruction       Conj           0%         9d5       100%        7
 Ozocubu's Refrigeration  Ice            0%         4d7       100%        7
 Spellforged Servitor     Conj/Summ      0%         N/A       100%        7
 Disjunction              Tloc           0%         N/A       100%        8
 Ignition                 Fire           0%         3d3       100%        8
 Necromutation            Tmut/Necr      0%         N/A       100%        8
 Summon Horrible Things   Summ           0%         N/A       100%        8
 Death's Door             Necr           0%         N/A       100%        9
 Animate Dead             Necr           Unusable   N/A       N/A         4
 Simulacrum               Ice/Necr       Unusable   N/A       N/A         6

Inventory:

Hand Weapons
 a - a +9 demon whip of protection
 b - the +18 lance "Wyrmbane" (weapon) {slay drac, rPois rF+ rC+ AC+3}
   (You bought it in a shop on level 10 of the Dungeon)

   AC:        It affects your AC (+3).
   rF:        It protects you from fire.
   rC:        It protects you from cold.
   rPois:     It protects you from poison.
Armour
 c - the +2 pair of boots of Ignis, Devouring (worn) {Str+4 Dex+6 Stlth-}
   (You found it on level 12 of the Dungeon)

   Str:       It affects your strength (+4).
   Dex:       It affects your dexterity (+6).
   Stlth:     It makes you less stealthy.
 h - a +2 cloak of stealth
 p - +8 fire dragon scales (worn)
 r - the +3 pair of seven-league boots {Rampage+∞}
   (You bought it in a shop on level 13 of the Dungeon)

   Rampage+∞: When moving toward enemies, its wearer moves as far as possible.
 t - a +2 kite shield of reflection (worn)
 T - a scarf of harm (worn)
 Z - the -2 hat of the Alchemist (worn) {rElec rPois rF+ rC+ rN+ Will+ rMut rCorr}
   (You found it on level 3 of the Lair of Beasts)

   rF:        It protects you from fire.
   rC:        It protects you from cold.
   rElec:     It insulates you from electricity.
   rPois:     It protects you from poison.
   rN:        It protects you from negative energy.
   rCorr:     It protects you from acid and corrosion.
   rMut:      It protects you from mutation.
   Will:      It increases your willpower.
Jewellery
 e - a +5 ring of evasion
 m - the amulet of the Air {Inacc Air Fly rElec RMsl}
   (You found it on level 4 of the Shoals)

   [amulet of nothing]

   Inacc:     It reduces the accuracy of your attacks and spells.
   Air:       It enhances your air magic.
   rElec:     It insulates you from electricity.
   Fly:       It grants you flight.
   RMsl:      It protects you from missiles.
 w - a ring of willpower
 y - the amulet "Akhlecot" (around neck) {Faith rPois rF++ Str+8 Dex-2}
   (You found it on level 3 of the Depths)

   [amulet of faith]

   It allows you to gain divine favour quickly.
   Str:       It affects your strength (+8).
   Dex:       It affects your dexterity (-2).
   rF:        It greatly protects you from fire.
   rPois:     It protects you from poison.
 D - the ring of the Tortoise (left hand) {AC+8}
   (You found it on level 4 of the Depths)

   [ring of protection]

   AC:        It affects your AC (+8).
 E - a +5 ring of evasion
 I - the ring "Fuofrid" (right hand) {Fly rF- rC++ rN+++ Int+6}
   (You found it in a wizard's laboratory)

   [ring of intelligence]

   Int:       It affects your intelligence (+6).
   rF:        It makes you vulnerable to fire.
   rC:        It greatly protects you from cold.
   rN:        It renders you almost immune to negative energy.
   Fly:       It grants you flight.
 N - a +5 ring of evasion
 U - the amulet "Tetzup" {Reflect Rampage Fly SH+5}
   (You took it off a deep elf death mage on level 3 of the Elven Halls)

   [amulet of reflection]

   It reflects blocked missile attacks.
   Fly:       It grants you flight.
   SH:        It affects your SH (+5).
   Rampage:   It bestows one free step when moving towards enemies.
 W - a ring of willpower
 Y - a +4 ring of slaying
Wands
 f - a wand of mindburst (32)
 q - a wand of charming (73)
 s - a wand of digging (24)
 C - a wand of acid (18)
 M - a wand of polymorph (23)
 O - a wand of flame (68)
 Q - a wand of roots (37)
Scrolls
 o - 3 scrolls of butterflies
 u - 6 scrolls of blinking
 x - 4 scrolls of poison
 F - 13 scrolls of teleportation {@r2}
 J - 14 scrolls of fog
 X - 5 scrolls of fear
Potions
 g - 9 potions of flight
 i - 6 potions of magic
 j - 4 potions of mutation
 v - 4 potions of haste {@q3}
 z - 4 potions of might
 A - 9 potions of brilliance
 B - 4 potions of invisibility
 G - 20 potions of curing {@q1}
 H - 3 potions of berserk rage {!q}
 K - 6 potions of resistance
 S - 5 potions of cancellation
 V - 5 potions of ambrosia
Miscellaneous
 d - a phial of floods
 k - a lightning rod (4/4)
 n - a condenser vane
 R - a box of beasts

Dungeon Overview and Level Annotations

Branches:
Dungeon (15/15)            Temple (1/1) D:6            Lair (5/5) D:10
 Shoals (4/4) Lair:2        Snake (4/4) Lair:2        Slime (5/5) Lair:4
    Orc (2/2) D:12            Elf (3/3) Orc:2        Vaults (5/5) D:13
  Crypt (3/3) Vaults:2       Tomb (0/3) Crypt:3      Depths (4/4) D:15
    Zot (5/5) Depths:4     WizLab (visited)         Gauntlet (visited)

Altars:
Ashenzari
Cheibriados
Dithmenos
Fedhas
Gozag
Hepliaklqana
Kikubaaqudgha
Makhleb
Nemelex Xobeh
Okawaru
Qazlal
Ru
Sif Muna
Trog
Uskayaw
Vehumet
Wu Jian
Xom
Yredelemnul
Jiyva

Shops:
D:4 (   D:8 =   D:10 [((([*([   D:11 ![   D:12 [?   D:13 [   D:15 *
Orc:2 ([?=*:=(:   Elf:1 !::[   Elf:3 !=[=!   Shoals:2 :   Shoals:3 (
Snake:1 :=:   Snake:4 :=:*=   Vaults:2 *   Vaults:5 (

Portals:
Hell: Depths:1 Depths:2 Depths:3 Depths:4
Abyss: Depths:1 Depths:3 Depths:4
Pandemonium: Depths:1 Depths:2 Depths:4
Ziggurat: Depths:1

Annotations:
D:9 4 runed translucent doors
D:14 3 runed translucent doors, Jiolyugh's ghost, journeyman GrEE
Lair:3 6 runed translucent doors
Lair:5 1 runed translucent door
Snake:1 2 runed translucent doors, Eklesuw's ghost, journeyman MiFi
Orc:1 3 runed translucent doors, Runaock's ghost, journeyman DECj
Elf:2 3 runed translucent doors
Depths:3 1 runed translucent door
Zot:3 4 transporters

#................#
###................#
...................#
...................#
...................##########
...........................>#
.............##########.###.#
............###...# #.# #.#
...############.@.## #.# #.#
...# #.#....# #.###.#
...######## #.####.# #.##..#
.[........# #.§....## #.##.##
..........# #.§≈....# #.##.#
..........# #.≈§....# #.#..#
..........# #.......#
#...####### ##........#
#.......# #.#........
#........#
#.......###.#.#######


There were no monsters in sight!


Message History

You puncture the Brimstone Fiend!
The Brimstone Fiend is severely wounded.
You puncture the Brimstone Fiend!
The Brimstone Fiend is almost dead.
The Brimstone Fiend's magic is no longer disrupted.
The Brimstone Fiend gestures at you.
The sphere of damnation explodes!
The damnation engulfs you!!
* * * LOW HITPOINT WARNING * * *
The damnation engulfs the Brimstone Fiend.
The Brimstone Fiend completely resists.
You impale the Brimstone Fiend!!
You kill the Brimstone Fiend!
You feel much better.
You feel much better.
The rust devil is struck by your spines.
The rust devil completely misses you.
You puncture the rust devil!
The rust devil is severely wounded.
You impale the rust devil!!
You kill the rust devil!
No target in view!
Unknown command.
(D) Dungeon (T) Temple (L) Lair (A) Shoals (P) Snake Pit (M) Slime Pits (O) Orcish Mines (E) Elven Halls (V) Vaults (C) Crypt (W) Tomb (U) Depths (H) Hell (Z) Zot
Where to? (Enter - D:1 @ (x,y), ? - help)
A demonspawn black sun comes into view. It is wielding a +0 glaive.
The demonspawn black sun utters an invocation to Kikubaaqudgha.
The demonspawn black sun begins absorbing vital energies!
There is a staircase leading out of the dungeon here.
Enter note: strong character You have escaped!

Skill      XL: |  1  2  3  4  5  6  7  8  9 10 11 12 13 14 15 16 17 18 19 20 21 22 23 24 25 26 27 |
---------------+----------------------------------------------------------------------------------+-----
Maces & Flails | 3 4 5 6 8 10 11 12 | 12.0
Fighting       | 5 7 9 11 14 15 17 19 20 21 22 24 25 27 | 27.0
Dodging        | 6 9 11 13 14 16 17 19 20 22 23 | 23.8
Armour         | 5 8 11 13 15 17 18 20 21 | 21.3
Shields        | 6 10 14 15 17 18 | 18.7
Evocations     | 5 14 | 14.7
Polearms       | 9 12 13 15 | 15.7
Throwing       | |  1.7

Action                     |  1- 3 |  4- 6 |  7- 9 | 10-12 | 13-15 | 16-18 | 19-21 | 22-24 | 25-27 || total
---------------------------+-------+-------+-------+-------+-------+-------+-------+-------+-------++-------
  Melee: Flail             |    70 |    57 |    68 |       |       |       |       |       |       ||   195
         Punch             |     1 |       |     6 |    20 |    10 |       |       |       |       ||    37
         Whip              |       |       |   231 |   298 |       |       |       |       |       ||   529
         Demon whip        |       |       |       |   510 |  1260 |  1225 |  1700 |       |       ||  4695
         Morningstar       |       |       |       |       |   181 |   613 |       |       |       ||   794
         Lance             |       |       |       |       |       |       |  1806 |  3335 |  1804 ||  6945
 Invoke: Call Merchant     |       |       |       |     2 |     3 |     2 |     1 |     3 |       ||    11
         Bribe Branch      |       |       |       |       |       |       |       |       |     3 ||     3
  Evoke: Wand              |       |       |     5 |     3 |     4 |     6 |       |     8 |     1 ||    27
         Condenser vane    |       |       |       |       |     1 |     3 |     2 |     4 |     4 ||    14
         Box of beasts     |       |       |       |       |       |       |       |     1 |       ||     1
    Use: Scroll            |     3 |     3 |     8 |    11 |    13 |    13 |    12 |     7 |     8 ||    78
         Potion            |     2 |     1 |     1 |     2 |     8 |     4 |     7 |    14 |    11 ||    50
   Stab: Sleeping          |     2 |       |     1 |     1 |     4 |       |       |       |       ||     8
         Distracted        |       |       |     2 |     2 |    11 |    10 |    23 |    25 |    30 ||   103
         Betrayed ally     |       |       |     1 |       |       |       |       |       |       ||     1
         Invisible         |       |       |       |     7 |     2 |       |       |       |       ||     9
         Petrified         |       |       |       |       |     8 |       |       |       |       ||     8
         Paralysed         |       |       |       |       |     5 |       |       |       |       ||     5
         Petrifying        |       |       |       |       |     5 |       |       |       |       ||     5
         Confused          |       |       |       |       |     3 |       |       |       |       ||     3
 Armour: Leather armour    |    11 |    14 |    77 |   172 |   151 |       |       |       |       ||   425
         Scale mail        |       |       |       |       |   137 |   199 |       |       |       ||   336
         Fire dragon scale |       |       |       |       |       |    25 |   321 |   411 |   310 ||  1067
  Dodge: Dodged            |    42 |    27 |   127 |   390 |   828 |   749 |  1400 |  1645 |   896 ||  6104
         Repelled          |       |       |       |       |       |       |    19 |    40 |    37 ||    96
  Block: Buckler           |       |       |       |       |    79 |       |       |       |       ||    79
         Kite shield       |       |       |       |       |   338 |  1345 |  1702 |  1531 |   850 ||  5766
         Reflection        |       |       |       |       |    18 |   149 |    77 |    42 |    14 ||   300
Riposte: Demon whip        |       |       |       |       |   125 |   301 |   225 |       |       ||   651
         Morningstar       |       |       |       |       |    74 |   221 |       |       |       ||   295

Levels and vault maps discovered:
D:1:      amcnicky_arrival_single_pillar, layout_basic, minmay_rat_gold_closets
D:2:      layout_basic, uniq_natasha, uniq_sigmund
D:3:      layout_rooms, nicolae_kikubaaqudgha_miasma_corner,
          mainiacjoe_overflow_alcove_1, minmay_diced_spiral,
          uniq_crazy_yiuf_cottage
D:4:      layout_rooms, lemuel_tele_altar, kennysheep_mini_moat, serial_shops,
          nicolae_shop_bloodbath_and_beyond, hangedman_abyss_or_decor_stagger
D:5:      layout_loops_cross
D:6:      layout_loops_ring, gammafunk_temple_overflow_claw,
          minmay_temple_entry_tees
D:7:      layout_basic
D:8:      layout_rooms, general_overflow_altar, overflow_temple_1_default,
          serial_shops, nicolae_diamond_shop, nicolae_zen_rock_garden,
          uniq_maurice
D:9:      lemuel_bear_cage, layout_rooms, uniq_pikel
D:10:     layout_cave_pools, mainiacjoe_overflow_surrounded_room,
          fedhas_altar_2, erik_lair_orcish_takeover
D:11:     minmay_imperfect_grid, layout_long_grid, serial_shops,
          nicolae_shop_temple_entry_statues_fountains, portal_ice_cave_rime,
          gauntlet_entry_generic
D:12:     layout_irregular_city, erik_orc_4, serial_shops, shop
D:13:     layout_basic, skrybe_vaults_entry_preservation, fungi_pond_lemuel,
          uniq_josephine
D:14:     layout_loops_ring, gammafunk_ghost_fury_of_okawaru
D:15:     gammafunk_enter_depths_forms, layout_gridville, serial_shops,
          nicolae_shop_hallway_stairs, minmay_crystal_room, grunt_ministairs_14,
          uniq_azrael, uniq_louise
Temple:   bh_familiar_temple
Lair:1:   layout_cellular_growth, chequers_serial_rivers_small_3
Lair:2:   regret_index_bee_streams, layout_loops_ring, minmay_shoals_entry_hut,
          guppyfry_snake_entry_island, lemuel_fruit_fields,
          infiniplex_staircase_pool_2
Lair:3:   gammafunk_indiana_jones, layout_gridlike
Lair:4:   layout_regular_city, minmay_slime_entry_pillars, serial_bayou,
          serial_bayou_pond_b, serial_bayou_ford_a, serial_bayou_pond_d,
          serial_bayou_pond_c, uniq_snorg
Lair:5:   evilmike_catoblepas_cave, layout_cave_pods,
          nicolae_lair_grove_arrangements, ldierk_geyser,
          pdpol_lair_cabin_in_the_woods
Shoals:1: layout_shoals, uniq_nikola
Shoals:2: layout_shoals, serial_shops, nicolae_shop_crystal,
          nicolae_shoals_nymph_descending_staircase
Shoals:3: layout_shoals, serial_shops, nicolae_shop_stone
Shoals:4: shoals_end_hellmonk_storm_palace [storm_palace_center_square,
          storm_palace_corner_narrow, storm_palace_corner_grid,
          storm_palace_corner_altar, storm_palace_corner_altar]
Snake:1:  layout_misc_corridors, ebering_ghost_disaster_area, minmay_shop_grove
Snake:2:  layout_rooms, nicolae_snake_storage_room
Snake:3:  layout_basic, uniq_vashnia
Snake:4:  grunt_snake_rune_serpentine_throne, layout_rooms, serial_shops, shop,
          drop_trap, nicolae_shop_i_like_big_books, minmay_shop_star
Slime:1:  layout_caves, cheibrodos_slime_lost_civilization_6
Slime:2:  layout_caves
Slime:3:  layout_caves
Slime:4:  nicolae_slime_infinislime, layout_caves,
          nicolae_slime_getting_an_eyeful
Slime:5
Orc:1:    layout_diamond_mine, gammafunk_ghost_necromancy,
          nicolae_orc_tapped_out
Orc:2:    kennysheep_orc_mage_school, layout_diamond_mine, serial_shops, shop,
          shop, nicolae_diamond_shop, nicolae_diamond_shop, shop, uniq_urug,
          uniq_erolcha
Elf:1:    layout_gridlike, basic_altar, serial_shops, shop, shop, shop_coins,
          shop, minmay_elf_necromancy, grunt_megastairs_5
Elf:2:    elven_hall_of_blades_hangedman_original [mumra_blade_entry_bloodbath],
          layout_loops_corners, hangedman_elf_represent
Elf:3:    minmay_elf_hall_statues, layout_geoelf_castle, serial_shops, shop,
          minmay_shoptagon
Vaults:1: hangedman_vaults_trim, ontoclasm_vaults_shuriken,
          ontoclasm_vaults_shout, v_misc_12, hangedman_vaults_capsules,
          v_pattern_1, v_misc_5, v_misc_10, nicolae_vaults_circle_grid_a,
          v_misc_8, layout_vaults_omnicross
Vaults:2: minmay_crypt_entry_skeletal_spiral, ontoclasm_vaults_misaligned,
          nicolae_vaults_three_branches, nicolae_vaults_network_quincunx
          [nicolae_vaults_network_quincunx_subvault,
          nicolae_vaults_network_quincunx_subvault,
          nicolae_vaults_network_quincunx_subvault,
          nicolae_vaults_network_quincunx_subvault,
          nicolae_vaults_network_quincunx_subvault], grunt_vaults_hallway_long,
          v_pattern_4, nicolae_vaults_alarming, v_alt_pattern_4,
          ontoclasm_vaults_idyll, ontoclasm_vaults_ligature,
          hangedman_vaults_stretched_pinwheel, vaults_mumra_hexcomb,
          vaults_dpeg_diagonal, layout_vaults_maze_bifur, serial_shops,
          shop_statue, uniq_saint_roka
Vaults:3: hangedman_vaults_slice, hangedman_vaults_hat,
          dpeg_vaults_hating_casters, nicolae_vaults_specimen_jars,
          v_alt_pattern_4, nicolae_vaults_little_squares_5, v_misc_23,
          ontoclasm_vaults_gateway, nicolae_vaults_asterisk,
          layout_vaults_omnigrid
Vaults:4: vaults_mumra_chevron_long, vaults_room_hallway,
          dpeg_vaults_monster_row, nicolae_vaults_network_square,
          grunt_vaults_funnel, ontoclasm_vaults_twist, vaults_room_fancy_cross,
          ontoclasm_vaults_pinch, hangedman_vaults_corner, vaults_room_pools,
          vaults_dpeg_encased_lava, nicolae_vaults_little_squares_6,
          dpeg_vaults_monster_box, layout_vaults_big_room
Vaults:5: serial_shops
Crypt:1:  layout_misc_corridors, mu_enter_wizlab_2, grunt_crypt_arrival_webbed
Crypt:2:  layout_gridlike
Crypt:3:  lightli_unholy_cathedral, layout_chaotic_city, basic_altar,
          minmay_guarded_unrand_zonguldrok
Depths:1: layout_cave_pools, enter_ziggurat_a, kennysheep_another_room,
          grunt_mini_vestibule, marbit_kobold_abyss_entry,
          rand_demon_pan_entry_1, nicolae_danse_macabre
Depths:2: minmay_textured_paths, layout_gridlike, grunt_pan_entry_spiral,
          pf_hell_entry_tar_spiral, evilmike_ruin_ashenzari, uniq_josephina
Depths:3: kennysheep_snake, layout_cave_pools, nicolae_benzene_ring,
          abyss_entry, hell_entry, kennysheep_treasure_room, firewood_loft
Depths:4: grunt_zot_entry_bicorn, layout_gridlike,
          nicolae_qazlal_general_emergency, hangedman_geh_valley, pan_entry,
          abyss_entry_crystal, minmay_guarded_unrand_tortoise, uniq_grunn,
          uniq_boris, uniq_margery, uniq_xtahua
Zot:1:    dreamdust_zin_vs_xom, layout_misc_corridors, grunt_ministairs_2,
          hangedman_spider_trapstep
Zot:2:    kennysheep_room_grid, layout_onion, grunt_megastairs_3
Zot:3:    layout_gridlike, nicolae_transporter_circle
Zot:4:    grunt_twist_and_shout, layout_cathedral_of_symmetry,
          st_small_dragon_hoard_4, door_vault
Zot:5:    layout_misc_corridors, nicolae_diode_basic

Notes
Turn   | Place    | Note
-------+----------+-------------------------------------------
     0 | D:1      | demibob the Demonspawn Gladiator began the quest for the
                  | Orb.
     0 | D:1      | Reached XP level 1. HP: 16/16 MP: 1/1
    76 | D:1      | Reached skill level 3 in Maces & Flails
    92 | D:1      | Gained mutation: You regenerate a little health from kills.
                  | [demonic ancestry]
    92 | D:1      | Reached XP level 2. HP: 21/22 MP: 2/2
   668 | D:1      | Identified a scroll of acquirement
   668 | D:1      | Acquired a manual of Fighting
   810 | D:2      | Gained mutation: You are partially covered in yellow
                  | scales. (AC +2) [demonic ancestry]
   810 | D:2      | Reached XP level 3. HP: 25/28 MP: 3/3
   967 | D:2      | Noticed Sigmund
   997 | D:2      | Killed Sigmund
   998 | D:2      | Reached skill level 5 in Fighting
   998 | D:2      | Reached skill level 4 in Maces & Flails
   998 | D:2      | Gained mutation: You are mostly covered in yellow scales.
                  | (AC +3) [demonic ancestry]
   998 | D:2      | Reached XP level 4. HP: 11/39 MP: 4/4
   998 | D:2      | Gained mutation: You are partially covered in sharp spines.
                  | [demonic ancestry]
   998 | D:2      | Reached XP level 5. HP: 13/44 MP: 5/5
  1270 | D:2      | Noticed Natasha
  1274 | D:2      | Killed Natasha
  1586 | D:2      | Reached skill level 5 in Maces & Flails
  1702 | D:3      | Found a broken altar of Ashenzari.
  1769 | D:3      | Found an ancient bone altar of Kikubaaqudgha.
  1888 | D:3      | Found a runed translucent door.
  1889 | D:3      | Noticed Crazy Yiuf
  2080 | D:3      | Killed Crazy Yiuf
  2081 | D:3      | Reached XP level 6. HP: 40/52 MP: 2/6
  2234 | D:4      | Reached skill level 6 in Fighting
  2296 | D:4      | Found Ogholen's Weapon Boutique.
  2312 | D:4      | Reached skill level 7 in Fighting
  2385 | D:4      | Reached XP level 7. HP: 59/60 MP: 7/7
  2473 | D:4      | Found a hide-covered altar of Uskayaw.
  2569 | D:4      | Found a hazy altar of Hepliaklqana.
  2628 | D:4      | Reached skill level 6 in Maces & Flails
  2796 | D:5      | Entered Level 5 of the Dungeon
  2816 | D:4      | Reached skill level 8 in Fighting
  2948 | D:5      | Reached skill level 9 in Fighting
  2999 | D:5      | Reached XP level 8. HP: 54/71 MP: 8/8
  3211 | D:5      | Reached skill level 7 in Maces & Flails
  3427 | D:5      | Reached skill level 10 in Fighting
  4039 | D:6      | Found a staircase to the Ecumenical Temple.
  4051 | Temple   | Entered the Ecumenical Temple
  4245 | Temple   | Became a worshipper of Gozag Ym Sagoz the Greedy
  4448 | D:6      | Reached skill level 11 in Fighting
  4448 | D:6      | Reached skill level 8 in Maces & Flails
  4587 | D:6      | Found a shimmering altar of Xom.
  4588 | D:6      | Found an ornate altar of the Wu Jian Council.
  4588 | D:6      | Found a shimmering blue altar of Sif Muna.
  4874 | D:7      | Noticed a troll
  4881 | D:7      | Gained mutation: You regenerate health from kills. [demonic
                  | ancestry]
  4881 | D:7      | Reached XP level 9. HP: 82/82 MP: 9/9
  4909 | D:7      | Killed a troll
  4910 | D:7      | Reached skill level 12 in Fighting
  5538 | D:8      | Noticed Maurice
  5562 | D:8      | Killed Maurice
  5563 | D:8      | Reached skill level 13 in Fighting
  5563 | D:8      | Reached skill level 9 in Maces & Flails
  5565 | D:8      | Found a sacrificial altar of Ru.
  5690 | D:8      | Found a basalt altar of Yredelemnul.
  6084 | D:8      | Found Luffostu's Jewellery Shoppe.
  6262 | D:9      | Found a huge runed translucent gate.
  6263 | D:9      | Found a huge runed translucent gate.
  6263 | D:9      | Noticed a polar bear
  6264 | D:9      | Found a huge runed translucent gate.
  6267 | D:9      | Noticed a troll
  6281 | D:9      | Killed a troll
  6495 | D:9      | Reached skill level 14 in Fighting
  6614 | D:9      | Reached skill level 10 in Maces & Flails
  6614 | D:9      | Reached XP level 10. HP: 94/94 MP: 10/10
  6662 | D:9      | Noticed Pikel
  6679 | D:9      | Killed Pikel
  6933 | D:9      | Found a huge runed translucent gate.
  6952 | D:9      | Reached skill level 3 in Dodging
  7244 | D:10     | Entered Level 10 of the Dungeon
  7265 | D:10     | Reached skill level 4 in Dodging
  7454 | D:10     | Reached skill level 11 in Maces & Flails
  7462 | D:10     | Reached skill level 5 in Dodging
  7480 | D:10     | Noticed a purple ugly thing
  7502 | D:10     | Killed a purple ugly thing
  7623 | D:10     | Found a blossoming altar of Fedhas.
  7716 | D:10     | Reached skill level 6 in Dodging
  7802 | D:10     | Reached XP level 11. HP: 101/101 MP: 11/11
  7940 | D:10     | Found a staircase to the Lair.
  8020 | D:10     | Found a burning altar of Makhleb.
  8081 | D:10     | Reached skill level 12 in Maces & Flails
  8081 | D:10     | Reached skill level 7 in Dodging
  8460 | D:10     | Bought a runed demon whip for 450 gold pieces
  8463 | Lair:1   | Entered Level 1 of the Lair of Beasts
  8762 | Lair:1   | Reached skill level 1 in Armour
  9186 | Lair:2   | Found a staircase to the Snake Pit.
  9213 | Lair:2   | Noticed a lindwurm
  9231 | Lair:2   | Killed a lindwurm
  9232 | Lair:2   | Reached skill level 2 in Armour
  9386 | Lair:2   | Reached skill level 3 in Armour
  9411 | Lair:2   | Reached skill level 8 in Dodging
  9643 | Lair:2   | Reached skill level 4 in Armour
  9788 | Lair:2   | Found a staircase to the Shoals.
  9966 | Lair:2   | Reached skill level 5 in Armour
 10146 | Lair:2   | Reached skill level 9 in Dodging
 10159 | Lair:2   | Gained mutation: You are completely covered in yellow
                  | scales. (AC +4, rCorr) [demonic ancestry]
 10159 | Lair:2   | Reached XP level 12. HP: 102/108 MP: 12/12
 10217 | Lair:2   | Reached skill level 6 in Armour
 10875 | Lair:3   | Reached skill level 10 in Dodging
 10891 | Lair:3   | Reached skill level 7 in Armour
 11060 | Lair:3   | Found a runed translucent door.
 11065 | Lair:3   | Found the -2 hat of the Alchemist {rElec rPois rF+ rC+ rN+
                  | Will+ rMut rCorr}
 11210 | Lair:3   | You fall into a shaft and drop 1 floor!
 11865 | Lair:4   | Reached skill level 8 in Armour
 11906 | Lair:4   | Found a staircase to the Slime Pits.
 11939 | Lair:4   | Reached skill level 11 in Dodging
 12077 | Lair:4   | Noticed Snorg
 12088 | Lair:4   | Killed Snorg
 12424 | Lair:5   | Entered Level 5 of the Lair of Beasts
 12424 | Lair:5   | Noticed a death yak
 12424 | Lair:5   | Noticed a death yak
 12425 | Lair:5   | Noticed a death yak
 12438 | Lair:5   | Noticed a four-headed hydra
 12520 | Lair:4   | Gained mutation: You regenerate a lot of health from kills.
                  | [demonic ancestry]
 12520 | Lair:4   | Reached XP level 13. HP: 71/114 MP: 13/13
 12748 | Lair:5   | Reached skill level 9 in Armour
 12869 | Lair:5   | Reached skill level 12 in Dodging
 13218 | Lair:5   | Reached skill level 10 in Armour
 13768 | Lair:5   | Reached skill level 13 in Dodging
 13785 | Lair:5   | Reached skill level 11 in Armour
 14004 | Lair:5   | Gained mutation: You are mostly covered in sharp spines.
                  | [demonic ancestry]
 14004 | Lair:5   | Reached XP level 14. HP: 103/121 MP: 14/14
 14382 | Lair:5   | Found a runed translucent door.
 14474 | Lair:5   | Noticed a tentacled starspawn
 14933 | D:10     | Bought a steaming scale mail for 270 gold pieces
 14933 | D:10     | Identified the +0 scale mail of Beogh {*Slow +Inv rElec
                  | rPois} (You bought it in a shop on level 10 of the Dungeon)
 14934 | D:10     | Bought a runed buckler for 225 gold pieces
 15001 | D:11     | Found Yczar's Distillery.
 15073 | D:11     | Reached skill level 1 in Shields
 15092 | D:11     | Reached skill level 2 in Shields
 15121 | D:11     | Found a gate leading to a gauntlet.
 15130 | Gauntlet | Entered a Gauntlet
 15130 | Gauntlet | Found a transporter.
 15130 | Gauntlet | Found a transporter.
 15131 | Gauntlet | Found a transporter.
 15134 | Gauntlet | Found a transporter.
 15136 | Gauntlet | Found a large runed translucent door.
 15137 | Gauntlet | Found a large runed translucent door.
 15138 | Gauntlet | Found a large runed translucent door.
 15138 | Gauntlet | Found a large runed translucent door.
 15138 | Gauntlet | Found a runed translucent door.
 15138 | Gauntlet | Found a runed translucent door.
 15139 | Gauntlet | Found a large runed translucent door.
 15139 | Gauntlet | Found a large runed translucent door.
 15139 | Gauntlet | Found a large runed translucent door.
 15139 | Gauntlet | Found a large runed translucent door.
 15140 | Gauntlet | Found a transporter.
 15140 | Gauntlet | Found a large runed translucent door.
 15141 | Gauntlet | Found a large runed translucent door.
 15145 | Gauntlet | Found a transporter.
 15151 | Gauntlet | Found a transporter.
 15153 | Gauntlet | Found a transporter.
 15153 | Gauntlet | Found a large runed translucent door.
 15153 | Gauntlet | Found a large runed translucent door.
 15154 | Gauntlet | Found a large runed translucent door.
 15154 | Gauntlet | Found a large runed translucent door.
 15154 | Gauntlet | Found a large runed translucent door.
 15155 | Gauntlet | Found a large runed translucent door.
 15164 | Gauntlet | Found a runed translucent gate.
 15164 | Gauntlet | Found a runed translucent gate.
 15164 | Gauntlet | Found a runed translucent gate.
 15166 | Gauntlet | Found a transporter.
 15171 | Gauntlet | Found a transporter.
 15242 | Gauntlet | Found a transporter.
 15269 | Gauntlet | Found a transporter.
 15418 | Gauntlet | Reached skill level 3 in Shields
 15430 | Gauntlet | Identified the ring "Zokieko" {+Blink rPois rN+ Dex+3}
 15525 | Gauntlet | Identified a potion of resistance
 15547 | Gauntlet | Reached skill level 1 in Evocations
 15644 | D:11     | Reached skill level 4 in Shields
 15672 | D:11     | Identified the +1 chain mail of Dyspraxia {Contam rC++
                  | Str+4 Stlth+}
 15709 | D:11     | Reached skill level 2 in Evocations
 15756 | D:11     | Reached skill level 3 in Evocations
 15777 | D:11     | Reached skill level 5 in Shields
 16070 | D:11     | Reached skill level 4 in Evocations
 16634 | D:11     | Bought a steaming scale mail for 243 gold pieces
 16634 | D:11     | Identified the +1 scale mail of the Comet {rF+} (You bought
                  | it in a shop on level 11 of the Dungeon)
 16942 | D:12     | Found Omuble's Magic Scroll Boutique.
 17101 | D:12     | Identified the +2 pair of boots of Ignis, Devouring {Str+4
                  | Dex+6 Stlth-}
 17116 | D:12     | Reached skill level 12 in Armour
 17185 | D:12     | Reached skill level 5 in Evocations
 17243 | D:12     | Found a staircase to the Orcish Mines.
 17733 | D:11     | Bought the +0 pair of fencer's gloves {Riposte Dex+3} for
                  | 1080 gold pieces
 17733 | D:11     | Found the +0 pair of fencer's gloves {Riposte Dex+3}
 17949 | D:13     | Noticed Josephine
 17963 | D:13     | Killed Josephine
 18067 | D:13     | You fall into a shaft and drop 2 floors!
 18067 | D:15     | Entered Level 15 of the Dungeon
 18070 | D:15     | Found Ovvek's Assorted Antiques.
 18117 | D:15     | Bought a potion of might for 132 gold pieces
 18222 | D:13     | Reached skill level 13 in Armour
 18239 | D:13     | Reached skill level 6 in Shields
 18247 | D:13     | Noticed an ironbound preserver
 18255 | D:13     | Killed an ironbound preserver
 18260 | D:13     | Gained mutation: Your touch may inflict minor irresistible
                  | damage on your foes. [demonic ancestry]
 18260 | D:13     | Reached XP level 15. HP: 127/127 MP: 15/15
 18260 | D:13     | Found a gate to the Vaults.
 19069 | D:14     | Found a runed translucent gate.
 19071 | D:14     | Found a runed translucent gate.
 19073 | D:14     | Found a runed translucent gate.
 19074 | D:14     | Noticed Jiolyugh's ghost (journeyman GrEE)
 19214 | D:14     | Reached skill level 7 in Shields
 19556 | D:14     | Found an iron altar of Okawaru.
 19753 | D:15     | Reached skill level 14 in Armour
 19773 | D:15     | Noticed Louise
 19824 | D:15     | You are cast into the Abyss!
 19824 | Abyss:3  | Cast into level 3 of the Abyss (Louise)
 19848 | Abyss:3  | Found a corrupted altar of Lugonu.
 19876 | Abyss:3  | Noticed a bone dragon
 20093 | Abyss:3  | Reached skill level 8 in Shields
 20124 | Abyss:3  | Found a corrupted altar of Lugonu.
 20141 | Abyss:3  | Found a corrupted altar of Lugonu.
 20169 | Abyss:3  | Found a corrupted altar of Lugonu.
 20223 | Abyss:3  | Paralysed by accursed screaming for 1 turns
 20252 | Abyss:3  | Noticed a tentacled starspawn
 20339 | Abyss:3  | Reached skill level 9 in Shields
 20340 | Abyss:3  | Killed a tentacled starspawn
 20348 | D:15     | You pass through the gate.
 20348 | D:15     | Escaped the Abyss
 20738 | Orc:1    | Entered Level 1 of the Orcish Mines
 20789 | Orc:1    | Reached skill level 15 in Armour
 21038 | Orc:1    | Found a runed translucent gate.
 21038 | Orc:1    | Found a runed translucent gate.
 21038 | Orc:1    | Found a runed translucent gate.
 21039 | Orc:1    | Noticed Runaock's ghost (journeyman DECj)
 21134 | Orc:2    | Entered Level 2 of the Orcish Mines
 21134 | Orc:2    | Found Izxacel's Book Emporium.
 21205 | Orc:2    | Found Agav's Jewellery Boutique.
 21216 | Orc:2    | Found Migolez's Book Shop.
 21218 | Orc:2    | Noticed Urug
 21234 | Orc:2    | Killed Urug
 21238 | Orc:2    | Found a staircase to the Elven Halls.
 21370 | Orc:2    | Found Ybbu's Antique Weapon Emporium.
 21402 | Orc:2    | Bought a jewelled morningstar for 252 gold pieces
 21402 | Orc:2    | Identified the +2 morningstar "Cotirerr" {protect, Fly
                  | rElec Int+3} (You bought it in a shop on level 2 of the
                  | Orcish Mines)
 21453 | Orc:2    | Found Vuddeax's General Store.
 21460 | Orc:2    | Bought a potion of heal wounds for 50 gold pieces
 21528 | Orc:2    | Found Qikodyc's Antique Weapon Boutique.
 21551 | Orc:2    | Found Oruatuz's Jewellery Shop.
 21597 | Orc:2    | Found an ancient bone altar of Kikubaaqudgha.
 21598 | Orc:2    | Noticed Nergalle
 21610 | Orc:2    | Reached skill level 10 in Shields
 21615 | Orc:2    | Paralysed by an ogre mage for 5 turns
 21625 | Orc:2    | Paralysed by an ogre mage for 4 turns
 21646 | Orc:2    | Killed Nergalle
 21677 | Orc:2    | Found Guatal's Magic Scroll Boutique.
 21683 | Orc:2    | Noticed Erolcha
 21693 | Orc:2    | Killed Erolcha
 21695 | Orc:2    | Found a radiant altar of Vehumet.
 21920 | Orc:2    | Found Reurunar's Antique Armour Shop.
 22240 | D:12     | Bought a faintly glowing scale mail for 243 gold pieces
 22240 | D:12     | Identified the +5 scale mail "Xoduf" {Str+3} (You bought it
                  | in a shop on level 12 of the Dungeon)
 22349 | Snake:1  | Entered Level 1 of the Snake Pit
 22511 | Snake:1  | Found a large runed translucent door.
 22512 | Snake:1  | Found a large runed translucent door.
 22512 | Snake:1  | Noticed Eklesuw's ghost (journeyman MiFi)
 22696 | Snake:1  | Found Caruirip's Book Shoppe.
 22696 | Snake:1  | Found Qotoexky's Jewellery Boutique.
 22697 | Snake:1  | Found Yvatseit's Book Shoppe.
 22709 | Snake:1  | Bought an amulet of reflection for 510 gold pieces
 22935 | Snake:2  | Gained mutation: Your touch may inflict irresistible damage
                  | on your foes. [demonic ancestry]
 22935 | Snake:2  | Reached XP level 16. HP: 133/134 MP: 16/16
 22980 | Snake:2  | Reached skill level 11 in Shields
 23007 | Snake:2  | Reached skill level 16 in Armour
 23534 | Snake:2  | Reached skill level 12 in Shields
 23672 | Snake:2  | Reached skill level 17 in Armour
 23741 | Snake:2  | Identified the +3 quarterstaff "Uranum" {heavy, Will+ Str+5
                  | Dex-5}
 23922 | Snake:3  | Reached skill level 13 in Shields
 23932 | Snake:3  | Noticed Vashnia
 23959 | Snake:3  | Killed Vashnia
 24118 | Snake:3  | Identified the +0 pair of boots "Gassom" {rElec Int+3}
 24436 | Snake:3  | Reached skill level 14 in Dodging
 25118 | D:10     | Bought a transparent helmet for 342 gold pieces
 25118 | D:10     | Identified the +1 helmet "Zotig" {rPois rF+ Int+4} (You
                  | bought it in a shop on level 10 of the Dungeon)
 25258 | Snake:4  | Entered Level 4 of the Snake Pit
 25331 | Snake:4  | Found Summot's Tremendous Tomes.
 25432 | Snake:4  | Reached skill level 14 in Shields
 25432 | Snake:4  | Reached XP level 17. HP: 140/140 MP: 17/17
 25531 | Snake:4  | Found Qibb's Jewellery Shoppe.
 25621 | Snake:4  | Found Ireq Lyn's General Store.
 25623 | Snake:4  | Found Rytuxef's Book Shop.
 25625 | Snake:4  | Found Munearuh's Jewellery Boutique.
 25675 | Snake:4  | Bought a scroll of brand weapon for 133 gold pieces
 25675 | Snake:4  | Bought a scroll of acquirement for 728 gold pieces
 25677 | Snake:4  | Acquired 892 gold pieces
 26126 | Snake:4  | Reached skill level 15 in Shields
 26245 | Snake:4  | Got a serpentine rune of Zot
 26612 | Vaults:1 | Entered Level 1 of the Vaults
 26689 | Vaults:1 | Reached skill level 15 in Dodging
 26718 | Vaults:1 | Identified the +2 leather armour "Janeutz" {rF- rN+ Str+4
                  | Dex+2}
 27145 | Vaults:1 | Identified a scarf of resistance
 27294 | Vaults:1 | Reached skill level 15 in Fighting
 27582 | Vaults:1 | Reached skill level 16 in Dodging
 27582 | Vaults:1 | Reached XP level 18. HP: 149/149 MP: 18/18
 28126 | Vaults:2 | Reached skill level 16 in Fighting
 28147 | Vaults:2 | Acquired 954 gold pieces
 28412 | Lair:3   | Found a runed translucent gate.
 28415 | Lair:3   | Found a runed translucent gate.
 28428 | Lair:3   | Found a runed translucent gate.
 28428 | Lair:3   | Found a runed translucent gate.
 28428 | Lair:3   | Found a runed translucent gate.
 28429 | Lair:3   | Found a runed translucent gate.
 28627 | D:13     | Bought +1 fire dragon scales for 1005 gold pieces
 28627 | D:13     | Bought the +3 pair of seven-league boots {Rampage+∞} for
                  | 600 gold pieces
 28627 | D:13     | Found the +3 pair of seven-league boots {Rampage+∞}
 28852 | Vaults:2 | Noticed Saint Roka
 28872 | Vaults:2 | Killed Saint Roka
 29220 | Vaults:2 | Reached skill level 17 in Dodging
 29710 | Vaults:2 | Reached skill level 17 in Fighting
 30423 | Vaults:2 | Found Hyimalag's Assorted Antiques.
 30431 | Vaults:2 | Bought a potion of heal wounds for 160 gold pieces
 30431 | Vaults:2 | Bought a potion of heal wounds for 160 gold pieces
 30431 | Vaults:2 | Bought a scroll of teleportation for 96 gold pieces
 30564 | Vaults:2 | Found a staircase to the Crypt.
 30983 | Vaults:3 | Gained mutation: You are completely covered in sharp
                  | spines. [demonic ancestry]
 30983 | Vaults:3 | Reached XP level 19. HP: 161/161 MP: 19/19
 31669 | Vaults:3 | Found the +18 shield of the Gong {Loud rN+ Will+ rCorr
                  | EV-5}
 31728 | Vaults:3 | Reached skill level 18 in Dodging
 31950 | Vaults:3 | Reached skill level 18 in Fighting
 33907 | Shoals:1 | Entered Level 1 of the Shoals
 33962 | Shoals:1 | You are sucked into a shaft and drop 1 floor!
 33972 | Shoals:2 | Found Wuugonos's Book Boutique.
 34450 | Shoals:2 | Reached skill level 19 in Fighting
 34606 | Shoals:2 | Acquired 1176 gold pieces
 34748 | Shoals:2 | Reached skill level 19 in Dodging
 35195 | Shoals:3 | Found Ynifuowi's Weapon Shop.
 35865 | Shoals:4 | Entered Level 4 of the Shoals
 35966 | Shoals:4 | Found a bloodstained altar of Trog.
 35991 | Shoals:4 | Gained mutation: Your touch may irresistibly damage your
                  | foes and sap their willpower. [demonic ancestry]
 35991 | Shoals:4 | Reached XP level 20. HP: 163/174 MP: 20/20
 36231 | Shoals:4 | Identified a +0 robe of resistance
 36286 | Shoals:4 | Found the amulet of the Air {Inacc Air Fly rElec RMsl}
 36436 | Shoals:4 | Got a barnacled rune of Zot
 36594 | Shoals:4 | Paralysed by an air elemental for 1 turns
 36687 | Shoals:4 | Found a stormy altar of Qazlal.
 36764 | Shoals:4 | Identified the +11 hand axe "With Two Names" {heavy, rElec}
 36879 | Shoals:4 | Reached skill level 20 in Fighting
 36905 | Shoals:4 | Identified the +9 arbalest "Leviticus" {flame, Str+5}
 37031 | D:10     | Bought the +8 lance "Wyrmbane" {slay drac, rPois rF+ rC+
                  | AC+3} for 1777 gold pieces
 37031 | D:10     | Found the +8 lance "Wyrmbane" {slay drac, rPois rF+ rC+
                  | AC+3}
 37163 | Elf:1    | Entered Level 1 of the Elven Halls
 37181 | Elf:1    | Reached skill level 1 in Polearms
 37212 | Elf:1    | Reached skill level 2 in Polearms
 37225 | Elf:1    | Found Luyrudi's Armour Shoppe.
 37450 | Elf:1    | Reached skill level 3 in Polearms
 37579 | Elf:1    | Reached skill level 4 in Polearms
 37633 | Elf:1    | Got Kikubaaqudgha's Precepts of Misery
 37663 | Elf:1    | Found Nozut's Book Boutique.
 37701 | Elf:1    | Found Zimog's Book Emporium.
 37732 | Elf:1    | Reached skill level 5 in Polearms
 37785 | Elf:1    | Paralysed by an air elemental for 1 turns
 38008 | Elf:1    | Found Duuh's Distillery.
 38016 | Elf:1    | Bought a potion of haste for 110 gold pieces
 38016 | Elf:1    | Bought a potion of haste for 110 gold pieces
 38016 | Elf:1    | Bought a potion of haste for 110 gold pieces
 38016 | Elf:1    | Bought a potion of might for 44 gold pieces
 38016 | Elf:1    | Bought 2 potions of curing for 66 gold pieces
 38038 | Elf:1    | Found an ancient bone altar of Kikubaaqudgha.
 38216 | Elf:2    | Reached skill level 6 in Polearms
 38403 | Elf:2    | Found a runed translucent gate.
 38404 | Elf:2    | Found a runed translucent gate.
 38406 | Elf:2    | Found a runed translucent gate.
 38417 | Elf:2    | Reached skill level 7 in Polearms
 39002 | Elf:3    | Entered Level 3 of the Elven Halls
 39238 | Elf:3    | Found Luipsi Giegi's Distillery.
 39241 | Elf:3    | Found Lixe's Jewellery Shoppe.
 39241 | Elf:3    | Found Jeinyqag's Armour Emporium.
 39259 | Elf:3    | Reached skill level 8 in Polearms
 39284 | Elf:3    | Bought a potion of heal wounds for 65 gold pieces
 39284 | Elf:3    | Bought a potion of heal wounds for 65 gold pieces
 39284 | Elf:3    | Bought a potion of curing for 39 gold pieces
 39284 | Elf:3    | Found Amauzazu's Jewellery Emporium.
 39564 | Elf:3    | Paralysed by an air elemental for 1 turns
 39710 | Elf:3    | Reached skill level 9 in Polearms
 39766 | Elf:3    | Found Gaass's Distillery.
 39777 | Elf:3    | Bought a potion of heal wounds for 85 gold pieces
 39777 | Elf:3    | Bought a potion of heal wounds for 85 gold pieces
 39777 | Elf:3    | Bought a potion of curing for 51 gold pieces
 40468 | Elf:3    | Gained mutation: Your hexes are more powerful. [demonic
                  | ancestry]
 40468 | Elf:3    | Reached XP level 21. HP: 168/183 MP: 21/21
 40506 | Elf:3    | Reached skill level 10 in Polearms
 40995 | Elf:3    | Identified the +9 whip of Fear {flame, *Rage rF+ rCorr
                  | Str+6}
 41022 | Elf:3    | Identified the amulet "Tetzup" {Reflect Rampage Fly SH+5}
 41182 | Elf:3    | Got the Collected Works on Shapes and Adjuration
 41190 | Elf:3    | Identified the +0 quarterstaff of Usogonk {heavy, *Corrode
                  | rElec rF+ rC+ rN+}
 41194 | Elf:3    | Identified the +4 short sword "Anogin" {speed, Drain Int+7}
 41196 | Elf:3    | Identified the +2 dagger "Entoump" {freeze, Str+7 Int-4}
 41205 | Elf:3    | Identified the +4 falchion "Hotsik" {drain, Dex+4}
 41603 | D:15     | Noticed Azrael
 41619 | D:15     | Killed Azrael
 41634 | D:15     | Reached skill level 11 in Polearms
 42036 | D:15     | Killed Louise
 42091 | D:15     | Found a staircase to the Depths.
 42267 | Depths:1 | Entered Level 1 of the Depths
 42302 | Depths:1 | Found a one-way gateway to a ziggurat.
 42406 | Depths:1 | Found a one-way gate to the infinite horrors of the Abyss.
 42436 | Depths:1 | Reached skill level 12 in Polearms
 42898 | Depths:1 | Found a hide-covered altar of Uskayaw.
 43003 | Depths:1 | Found a gateway to Hell.
 43431 | Depths:1 | Found a one-way gate leading to the halls of Pandemonium.
 43540 | Depths:2 | HP: 18/184 [living spell/divine providence[a walking divine
                  | tome] (9)]
 43565 | Depths:2 | Noticed a caustic shrike
 43573 | Depths:2 | Killed a caustic shrike
 43575 | Depths:2 | Noticed a juggernaut
 44006 | Depths:2 | Killed a juggernaut
 44323 | Depths:2 | Found a broken altar of Ashenzari.
 44699 | Depths:2 | Reached skill level 18 in Armour
 45215 | Depths:3 | Reached skill level 21 in Fighting
 45553 | Depths:3 | Reached XP level 22. HP: 194/194 MP: 22/22
 45851 | Depths:3 | Found a runed translucent door.
 46712 | Depths:3 | Noticed a golden dragon
 46727 | Depths:3 | Killed a golden dragon
 46796 | Depths:3 | Noticed a golden dragon
 46809 | Depths:3 | Killed a golden dragon
 47018 | Depths:3 | Noticed a golden dragon
 47042 | Depths:3 | Paralysed by a sphinx for 5 turns
 47057 | Depths:3 | Killed a golden dragon
 47074 | Depths:3 | Identified the +2 swamp dragon scales of Jocular
                  | Intercession {rPois rF+}
 47075 | Depths:3 | Identified the amulet "Akhlecot" {Faith rPois rF++ Str+8
                  | Dex-2}
 47258 | Depths:3 | Upgraded the game from 0.30-a0-808-g6e0788376e to
                  | 0.30-a0-824-g6c64550be9
 47268 | Depths:4 | Entered Level 4 of the Depths
 47288 | Depths:4 | Noticed a golden dragon
 47301 | Depths:4 | Killed a golden dragon
 47302 | Depths:4 | Reached skill level 19 in Armour
 47476 | Depths:4 | Noticed Grunn
 47479 | Depths:4 | Noticed Xtahua
 47490 | Depths:4 | Reached skill level 22 in Fighting
 47959 | Crypt:1  | Entered Level 1 of the Crypt
 48176 | Crypt:1  | Found a magical portal.
 48181 | WizLab   | Entered Maxwell's Workshop
 48515 | WizLab   | Identified the +4 dagger of Weak Integrity {holy, *Noise
                  | +Blink rF+}
 48523 | WizLab   | Noticed an electric golem
 48543 | WizLab   | Killed an electric golem
 48582 | WizLab   | Identified the ring "Fuofrid" {Fly rF- rC++ rN+++ Int+6}
 48611 | WizLab   | Identified the +6 short sword "Killer Klown's Regret"
                  | {vamp, rElec rF+ rC+ Int-4}
 48700 | WizLab   | Identified the ring "Xucwauph" {Ice rN+ rCorr Str-5 Int+4}
 49908 | Crypt:2  | Reached skill level 20 in Armour
 49929 | Crypt:2  | Reached XP level 23. HP: 205/205 MP: 23/23
 50414 | Crypt:3  | Entered Level 3 of the Crypt
 50463 | Crypt:3  | Found an ancient bone altar of Kikubaaqudgha.
 50484 | Crypt:3  | Noticed an ancient lich
 50484 | Crypt:3  | Noticed a dread lich
 50516 | Crypt:3  | Killed an ancient lich
 50517 | Crypt:3  | Reached skill level 23 in Fighting
 50522 | Crypt:3  | Killed a dread lich
 50817 | Crypt:3  | Noticed a curse skull
 50854 | Crypt:3  | Killed a curse skull
 51002 | Crypt:3  | Found the +9 sword of Zonguldrok {reap}
 51716 | Crypt:3  | Found a staircase to the Tomb.
 51856 | Crypt:3  | Noticed an ancient lich
 51900 | Crypt:2  | Killed an ancient lich
 51901 | Crypt:2  | Reached skill level 21 in Armour
 52304 | Crypt:3  | Found an ancient bone altar of Kikubaaqudgha.
 52308 | Crypt:3  | Found a basalt altar of Yredelemnul.
 52859 | Slime:1  | Entered Level 1 of the Pits of Slime
 52986 | Slime:2  | Reached skill level 24 in Fighting
 53030 | Slime:5  | Entered Level 5 of the Pits of Slime
 53087 | Slime:5  | Gained mutation: You occasionally lose the ability to drink
                  | potions when taking damage. [a shining eye]
 53096 | Slime:5  | Found a viscous altar of Jiyva.
 53096 | Slime:5  | Noticed the Royal Jelly
 53448 | Slime:5  | Gained mutation: You sometimes lose your temper in combat.
                  | [a shining eye]
 53515 | Slime:5  | Killed the Royal Jelly
 53592 | Slime:5  | Got a slimy rune of Zot
 53645 | Slime:5  | Reached skill level 13 in Polearms
 53672 | Slime:5  | Gained mutation: Your melee attacks may debilitate your
                  | foes. [demonic ancestry]
 53672 | Slime:5  | Reached XP level 24. HP: 218/218 MP: 23/23
 53714 | Slime:5  | Identified the +2 pair of boots of Good Intentions {Str+3
                  | Stlth+}
 53756 | Slime:5  | Got the Codex of Despair
 53986 | D:10     | Lost mutation: You sometimes lose your temper in combat.
                  | [potion of mutation]
 53986 | D:10     | Lost mutation: You occasionally lose the ability to drink
                  | potions when taking damage. [potion of mutation]
 53986 | D:10     | Gained mutation: Your spells are a little harder to cast,
                  | but a little more powerful. [potion of mutation]
 53986 | D:10     | Gained mutation: You are agile. (Dex +4, Str/Int -1)
                  | [potion of mutation]
 54337 | Vaults:5 | Entered Level 5 of the Vaults
 54628 | Vaults:5 | Noticed an ancient lich
 54742 | Vaults:4 | Killed an ancient lich
 54917 | Vaults:5 | Reached skill level 14 in Polearms
 54974 | Vaults:5 | Reached skill level 25 in Fighting
 55013 | Vaults:5 | Noticed a dread lich
 55137 | Vaults:5 | Killed a dread lich
 55464 | Vaults:5 | Identified the +2 shortbow of Recklessness {freeze, rPois}
 55599 | Vaults:5 | Reached skill level 15 in Polearms
 55615 | Vaults:5 | Identified the +0 leather armour of the Farmer {Int+3
                  | Dex+2}
 55615 | Vaults:5 | Identified the ring "Lecwanam" {Str+6 Int+2 Dex+3}
 55754 | Vaults:5 | Found Suopiex's Weapon Emporium.
 55769 | Vaults:5 | Identified the +2 ice dragon scales of Autumn {rF- rC++
                  | rCorr Str+5}
 55853 | Vaults:5 | Identified the +6 flail "Arbiter" {holy, rElec rPois Int+5
                  | Dex-4}
 55860 | Vaults:5 | Identified the amulet of Mamn {Acrobat Str+6}
 55863 | Vaults:5 | Got the Quarto of Hyperbolic Outbursts
 55866 | Vaults:5 | Identified the +3 spear "Fuoceic" {speed, Contam MP+9
                  | Str+4}
 56222 | Vaults:5 | Identified the +0 robe "Loepy" {rC+}
 56227 | Vaults:5 | Got a silver rune of Zot
 56404 | Vaults:5 | Identified the +10 war axe "Bysusot" {protect, +Blink rF+
                  | rCorr}
 56410 | Vaults:5 | Identified the +2 spear of Evolution {vamp, *Noise rElec
                  | Int+4}
 56422 | Vaults:5 | Identified the +7 dagger of Execution {drain, Will+++ Int-5
                  | Dex+2}
 56455 | Vaults:5 | Got the Directory of Lofty Wanderlust
 56546 | Vaults:5 | Got the Book of the Storm
 56552 | Vaults:5 | Acquired 709 gold pieces
 56619 | Vaults:5 | Noticed an ancient lich
 56631 | Vaults:5 | Killed an ancient lich
 56975 | Depths:3 | Reached XP level 25. HP: 216/230 MP: 23/23
 57085 | Depths:4 | Reached skill level 26 in Fighting
 57135 | Depths:4 | Noticed Boris
 57143 | Depths:4 | Killed Xtahua
 57157 | Depths:4 | Killed Boris
 57294 | Depths:4 | Killed Grunn
 57303 | Depths:4 | Reached skill level 20 in Dodging
 57547 | Depths:4 | Found a gate to the Realm of Zot.
 57662 | Depths:4 | Noticed Margery
 57691 | Depths:4 | Killed Margery
 57763 | Depths:4 | Found the ring of the Tortoise {AC+8}
 57834 | Depths:4 | Found a stormy altar of Qazlal.
 58248 | Depths:4 | Acquired a manual of Evocations
 58413 | Depths:4 | Reached skill level 6 in Evocations
 58543 | Zot:1    | Entered Level 1 of the Realm of Zot
 58543 | Zot:1    | Noticed an electric golem
 58567 | Zot:1    | Killed an electric golem
 58574 | Depths:4 | Reached skill level 7 in Evocations
 58594 | Zot:1    | Noticed a Killer Klown
 58597 | Zot:1    | Noticed a Killer Klown
 58605 | Zot:1    | Noticed a Killer Klown
 58636 | Zot:1    | Noticed a Killer Klown
 58639 | Zot:1    | Reached skill level 8 in Evocations
 58650 | Depths:4 | Killed a Killer Klown
 58674 | Depths:4 | Killed a Killer Klown
 58683 | Depths:4 | Reached skill level 9 in Evocations
 58693 | Depths:4 | Killed a Killer Klown
 58729 | Depths:4 | Killed a Killer Klown
 58943 | Depths:4 | Reached skill level 10 in Evocations
 59421 | Zot:1    | Reached skill level 11 in Evocations
 59730 | Zot:1    | Reached skill level 12 in Evocations
 59746 | Zot:1    | Reached skill level 27 in Fighting
 59939 | Zot:1    | Found a shimmering altar of Xom.
 60318 | Zot:2    | Reached skill level 13 in Evocations
 60577 | Zot:2    | Reached skill level 14 in Evocations
 60577 | Zot:2    | Reached XP level 26. HP: 229/242 MP: 23/23
 61294 | Zot:2    | Reached skill level 21 in Dodging
 61458 | Zot:2    | You are sucked into a shaft and drop 2 floors!
 61485 | Zot:3    | Found a transporter.
 61620 | Zot:3    | Found a transporter.
 61635 | Zot:3    | Found a transporter.
 62379 | Zot:3    | Found a transporter.
 62833 | Zot:4    | Found a huge runed gate.
 62834 | Zot:4    | Found a huge runed gate.
 62835 | Zot:4    | Found a huge runed gate.
 62836 | Zot:4    | Found a huge runed gate.
 62836 | Zot:4    | Found a huge runed gate.
 62836 | Zot:4    | Found a huge runed gate.
 62836 | Zot:4    | Found a huge runed gate.
 62836 | Zot:4    | Found a huge runed gate.
 62836 | Zot:4    | Found a huge runed gate.
 62837 | Zot:4    | Found a huge runed gate.
 62837 | Zot:4    | Found a huge runed gate.
 62838 | Zot:4    | Found a huge runed gate.
 62840 | Zot:4    | Found a huge runed gate.
 62841 | Zot:4    | Found a huge runed gate.
 62842 | Zot:4    | Found a huge runed gate.
 62850 | Zot:4    | Reached skill level 16 in Shields
 62854 | Zot:4    | Found a huge runed gate.
 62854 | Zot:4    | Found a huge runed gate.
 62854 | Zot:4    | Found a huge runed gate.
 62854 | Zot:4    | Found a huge runed gate.
 62854 | Zot:4    | Found a huge runed gate.
 62854 | Zot:4    | Found a huge runed gate.
 62855 | Zot:4    | Found a huge runed gate.
 62905 | Zot:4    | Reached skill level 22 in Dodging
 63265 | Zot:4    | Identified the +0 ring mail "Wean Ron" {Harm}
 63770 | Zot:4    | Found a huge runed gate.
 63770 | Zot:4    | Found a huge runed gate.
 63770 | Zot:4    | Found a huge runed gate.
 63771 | Zot:4    | Found a huge runed gate.
 63772 | Zot:4    | Found a huge runed gate.
 63855 | Zot:4    | Found a huge runed gate.
 63855 | Zot:4    | Found a huge runed gate.
 63855 | Zot:4    | Found a huge runed gate.
 63855 | Zot:4    | Found a huge runed gate.
 63856 | Zot:4    | Found a huge runed gate.
 63857 | Zot:4    | Found a huge runed gate.
 63858 | Zot:4    | Found a huge runed gate.
 63859 | Zot:4    | Found a huge runed gate.
 63906 | Zot:4    | Found a huge runed gate.
 64490 | Zot:4    | Noticed a dread lich
 64490 | Zot:4    | Noticed a dread lich
 64490 | Zot:4    | Noticed an ancient lich
 64490 | Zot:4    | Noticed an orb of fire
 64490 | Zot:4    | Noticed an orb of fire
 64490 | Zot:4    | Noticed a dread lich
 64490 | Zot:4    | Noticed an orb of fire
 64490 | Zot:4    | Noticed an ancient lich
 64491 | Zot:4    | Noticed an orb of fire
 64516 | Zot:4    | Killed an orb of fire
 64529 | Zot:4    | Killed an orb of fire
 64530 | Zot:4    | Reached skill level 17 in Shields
 64539 | Zot:4    | Killed an orb of fire
 64542 | Zot:4    | Paralysed by a dread lich for 2 turns
 64550 | Zot:4    | Killed a dread lich
 64556 | Zot:4    | Killed an ancient lich
 64563 | Zot:4    | Gained mutation: You are vulnerable to heat. (rF-) [an orb
                  | of fire]
 64569 | Zot:4    | Lost mutation: Your spells are a little harder to cast, but
                  | a little more powerful. [a cacodemon]
 64886 | Zot:4    | Killed a dread lich
 64887 | Zot:4    | Gained mutation: You are surrounded by an aura of silence.
                  | [demonic ancestry]
 64887 | Zot:4    | Reached XP level 27. HP: 249/249 MP: 23/23
 65061 | Zot:4    | Killed an orb of fire
 65079 | Zot:4    | Killed an ancient lich
 65101 | Zot:4    | Killed a dread lich
 65127 | Zot:4    | Reached skill level 23 in Dodging
 65162 | Zot:4    | Identified the +8 morningstar "Acarineslayer" {heavy,
                  | *Corrode rElec Str+4 Dex+3}
 65240 | Zot:5    | Entered Level 5 of the Realm of Zot
 65443 | Zot:5    | Reached skill level 18 in Shields
 65558 | Zot:5    | Found a transporter.
 65890 | Zot:5    | Noticed a dread lich
 65898 | Zot:5    | Noticed an orb of fire
 65904 | Zot:5    | Noticed an electric golem
 65909 | Zot:5    | Killed an electric golem
 65939 | Zot:5    | Noticed an electric golem
 65941 | Zot:5    | Noticed an orb of fire
 65941 | Zot:5    | Noticed an orb of fire
 65942 | Zot:5    | Noticed an orb of fire
 65962 | Zot:5    | Killed an orb of fire
 65981 | Zot:5    | Killed an orb of fire
 66009 | Zot:5    | Killed an orb of fire
 66084 | Zot:5    | Got the Orb of Zot
 66552 | D:1      | >>strong character
 66553 | D:$      | Escaped with the Orb!

Vanquished Creatures
  the Royal Jelly (Slime:5)
  6 orbs of fire
  5 dread liches
  6 ancient liches
  A juggernaut (Depths:2)
  Boris (Depths:4)
  Margery (Depths:4)
  Saint Roka (Vaults:2)
  5 Killer Klowns
  Xtahua (Depths:4)
  A caustic shrike (Depths:2)
  Vashnia (Snake:3)
  17 golden dragons
  A profane servitor (Crypt:3)
  3 bone dragons
  3 doom hounds (Depths:4)
  A Brimstone Fiend (D:1)
  2 electric golems
  11 tentacled monstrosities
  10 Orb Guardians (Zot:5)
  4 liches
  9 quicksilver dragons
  A walking divine tome (Depths:2)
  A walking frostbound tome (Depths:3)
  2 deep elf blademasters (Elf:3)
  Grunn (Depths:4)
  10 ancient champions
  6 titans
  13 acid blobs
  7 sphinxes
  A deep elf master archer (Elf:3)
  A tentacled starspawn (Abyss:3)
  11 tengu reavers
  5 nagarajas
  9 death cobs
  5 revenants
  14 storm dragons
  17 shadow dragons
  8 draconian knights
  12 azure jellies (Slime:5)
  8 rockslimes
  10 frost giants
  11 draconian monks
  2 iron dragons
  15 vault wardens
  17 fire giants
  Louise (D:15)
  5 deep elf sorcerers
  11 draconian scorchers
  4 angels
  A balrug (Depths:1)
  5 draconian stormcallers
  4 ghost moths
  14 ghouls
  An orc warlord (Vaults:3)
  A curse skull (Crypt:3)
  5 deep elf elementalists (Elf:3)
  2 spriggan defenders
  A caustic shrike skeleton (Crypt:2)
  14 draconian shifters
  16 ironbound preservers
  14 stone giants
  14 draconian annihilators
  17 very ugly things
  8 war gargoyles
  13 quicksilver oozes
  3 reapers
  7 vampire knights
  A deep elf demonologist (Vaults:4)
  8 deep elf annihilators
  15 green draconians
  23 purple draconians
  17 ironbound thunderhulks
  16 red draconians
  2 putrid mouths
  A spark wasp (Depths:3)
  17 white draconians
  20 black draconians
  A minotaur (Gauntlet)
  Azrael (D:15)
  23 yellow draconians
  3 blizzard demons
  Snorg (Lair:4)
  3 dire elephants (Vaults:4)
  4 eidola
  13 ettins
  4 merfolk javelineers
  A spriggan zombie (Crypt:1)
  11 merfolk impalers
  9 fire dragons
  13 deep elf death magi
  2 mummy priests (Crypt:3)
  2 entropy weavers
  4 deep elf high priests
  Josephine (D:13)
  3 crystal guardians (WizLab)
  13 jiangshi
  7 great orbs of eyes
  30 vault guards
  4 rakshasas
  4 hydras
  A hell beast (Depths:1)
  4 ice dragons
  2 merfolk avatars (Shoals:3)
  13 yaktaur captains
  8 peacekeepers
  8 ogre magi
  3 salamander tyrants
  5 catoblepae (Lair:5)
  Erolcha (Orc:2)
  3 ironbound frosthearts
  2 spriggan skeletons (Crypt:3)
  5 spriggan air magi
  A death knight (Crypt:1)
  10 centaur warriors
  5 boulder beetles
  2 satyrs
  An alligator snapping turtle (Shoals:2)
  10 two-headed ogres
  6 merfolk aquamancers (Shoals:4)
  4 deep troll earth magi
  14 anacondas
  14 naga warriors
  10 death yaks (Lair:5)
  13 naga sharpshooters
  11 vampire magi
  4 tengu warriors
  18 dancing weapons
  A hell hog (Depths:1)
  A titan zombie (Depths:1)
  7 thrashing horrors (Abyss:3)
  3 deep troll shamans
  An orc high priest (Elf:3)
  8 shock serpents
  Nergalle (Orc:2)
  7 spriggan berserkers
  Urug (Orc:2)
  5 soul eaters
  12 hell knights
  13 deep elf knights
  15 iron trolls
  2 wretched stars (Abyss:3)
  6 salamander mystics
  6 skysharks
  A goliath frog (shapeshifter) (Vaults:4)
  23 skeletal warriors
  A sixfirhy (Zot:1)
  43 deep trolls
  4 shadow wraiths (Crypt:3)
  13 sea snakes
  A swamp dragon (shapeshifter) (Vaults:5)
  3 glowing orange brains
  6 flayed ghosts
  2 orb spiders (Zot:1)
  2 bog bodies (Crypt:3)
  10 lindwurms
  9 wizards
  3 spriggan simulacra
  10 phantasmal warriors
  5 naga ritualists
  18 ironbound convokers
  11 deep elf archers
  An anaconda skeleton (Crypt:2)
  An iron giant skeleton (Crypt:3)
  Pikel (D:9)
  5 orc knights
  8 orc sorcerers
  27 deep elf pyromancers
  A wolf spider zombie (Crypt:3)
  23 deep elf zephyrmancers
  11 harpies
  A tengu skeleton (Vaults:2)
  3 mana vipers
  43 ugly things
  A golden dragon skeleton (Crypt:3)
  8 necromancers
  A wolf spider (Lair:3)
  A wolf spider (shapeshifter) (Depths:2)
  2 shining eyes (Slime:5)
  2 cyclopes
  A faun (shapeshifter) (Depths:1)
  2 frost giant zombies
  19 manticores
  36 moths of wrath
  A goliath frog skeleton (Crypt:3)
  6 centaur zombies (Crypt:3)
  20 salamanders
  6 merfolk sirens
  A fire giant skeleton (Depths:1)
  Maurice (D:8)
  6 guardian serpents
  5 stone giant skeletons
  9 elephants (Lair:5)
  7 water nymphs
  An apocalypse crab (Abyss:3)
  36 black mambas
  67 slime creatures
  A guardian serpent (shapeshifter) (D:15)
  2 dire elephant zombies
  12 naga magi
  A water nymph (shapeshifter) (Depths:1)
  19 vault sentinels
  9 centaur skeletons (Crypt:3)
  An eye of devastation (Slime:1)
  3 rust devils
  7 cane toads
  A storm dragon simulacrum (Vaults:3)
  3 molten gargoyles (WizLab)
  23 yaktaurs
  A yellow draconian zombie (Crypt:1)
  5 kobold demonologists
  13 gargoyles
  A komodo dragon (shapeshifter) (D:15)
  6 rime drakes
  A torpor snail (Lair:5)
  2 smoke demons
  A green draconian zombie (Crypt:2)
  An unseen horror (D:11)
  10 freezing wraiths
  A catoblepas zombie (Crypt:3)
  5 komodo dragons
  A guardian mummy (Crypt:3)
  A grey draconian zombie (Crypt:1)
  2 tengu conjurers (Gauntlet)
  3 ancient zymes
  A tormentor (Depths:4)
  A green draconian skeleton (Crypt:3)
  5 efreet
  3 yaktaur skeletons
  An ice devil (Depths:2)
  A grey draconian skeleton (Crypt:2)
  2 harpy zombies (Crypt:3)
  2 queen bees
  A hellwing (Depths:1)
  19 merfolk
  13 wind drakes
  A merfolk (shapeshifter) (Depths:2)
  A troll (shapeshifter) (D:12)
  2 polar bears (Lair:5)
  A red devil (Depths:2)
  A hornet (shapeshifter) (Elf:3)
  10 trolls
  10 snapping turtles
  2 tarantellas
  4 hornets
  16 blink frogs
  A satyr zombie (Crypt:2)
  A frost giant simulacrum (Depths:1)
  4 jumping spiders
  A meliai zombie (Crypt:3)
  11 flying skulls
  2 ettin zombies
  An ettin skeleton (Vaults:2)
  Sigmund (D:2)
  A shadow (D:11)
  A deep troll skeleton (Vaults:2)
  An ice dragon skeleton (Crypt:3)
  2 ynoxinuls
  10 air elementals
  4 ushabtiu (Crypt:3)
  A fire bat (shapeshifter) (Elf:1)
  31 water elementals
  9 wraiths
  6 wyverns
  A steam dragon (D:7)
  5 basilisks
  A human (Lair:5)
  80 yaks
  9 fire elementals
  4 redbacks
  4 golden eyes (Abyss:3)
  2 neqoxecs
  A black mamba skeleton (Crypt:2)
  5 vampire mosquitoes
  2 chaos spawn
  5 large abominations
  51 nagas
  A two-headed ogre zombie (Crypt:1)
  A faun zombie (Crypt:1)
  10 wargs
  5 acid dragons
  A glowing shapeshifter zombie (Crypt:3)
  An acid dragon (shapeshifter) (Vaults:4)
  4 hell hounds (D:15)
  9 water moccasins
  2 naga skeletons
  A sky beast (D:8)
  8 human skeletons
  20 orc warriors
  A two-headed ogre skeleton (Crypt:2)
  A glowing shapeshifter skeleton (Depths:1)
  An ice beast (D:5)
  A water nymph skeleton (Crypt:1)
  3 black bears
  A cane toad skeleton (Crypt:3)
  An ettin simulacrum (Depths:1)
  12 ogres
  14 wolves
  A lindwurm skeleton (Crypt:3)
  2 small abominations (Abyss:3)
  A lemure (D:9)
  7 centaurs
  2 phantoms (D:5)
  A komodo dragon zombie (Crypt:2)
  6 kobold brigands
  5 necrophages
  3 elf zombies (Elf:1)
  A rime drake skeleton (Crypt:1)
  7 earth elementals (WizLab)
  10 bullfrogs
  2 gnoll sergeants
  A scorpion (shapeshifter) (Vaults:5)
  2 scorpions
  A wight (D:9)
  An ogre simulacrum (Vaults:2)
  37 killer bees
  A shapeshifter skeleton (Crypt:3)
  4 electric eels
  7 howler monkeys
  Crazy Yiuf (D:3)
  3 jellies
  15 orc priests
  4 hounds
  A human zombie (Crypt:2)
  A gnoll bouda (D:7)
  9 starcursed masses (Abyss:3)
  3 iron imps (Gauntlet)
  6 iguanas
  32 orc wizards
  Natasha (D:2)
  A black bear skeleton (Crypt:2)
  2 lightning spires (WizLab)
  A boggart skeleton (Crypt:3)
  15 gnolls
  5 adders
  A shadow imp (D:5)
  An ufetubus (D:5)
  A jelly zombie (Crypt:3)
  A dart slug (D:2)
  61 orcs
  5 endoplasms
  3 giant cockroaches
  4 goblins
  12 hobgoblins
  A quokka (D:3)
  A ball python (D:4)
  A ball python skeleton (Crypt:2)
  4 bats
  2 frilled lizards
  2 frilled lizard zombies (Crypt:2)
  17 kobolds
  9 rats
2429 creatures vanquished.

Vanquished Creatures (collateral kills)
  An orb of fire (Zot:5)
  A Killer Klown (Zot:5)
  A golden dragon (Zot:5)
  An electric golem (Zot:5)
  6 Orb Guardians (Zot:5)
  A death cob (Zot:5)
  A ghost moth (Zot:5)
  2 green draconians (Zot:5)
  A phantom (D:7)
  A lemure (D:9)
  A wight (D:9)
  An iguana (D:7)
  A white imp (D:7)
19 creatures vanquished.

Vanquished Creatures (others)
  A dread lich (Zot:5)
  5 Killer Klowns (Zot:5)
  8 Orb Guardians (Zot:5)
  A death cob (Zot:5)
  A draconian knight (Zot:5)
  A fire giant (Depths:1)
  A draconian annihilator (Zot:5)
  A draconian stormcaller (Zot:4)
  A green draconian (Zot:3)
  A red draconian (Zot:5)
  A deep elf demonologist (Elf:3)
  A naga warrior (Snake:2)
  An alligator (Zot:5)
  2 deep elf knights
  A deep elf zephyrmancer (Elf:1)
  A deep elf pyromancer (Elf:3)
  A moth of wrath (Zot:5)
  A manticore (Shoals:3)
  A black mamba (Snake:1)
  A water nymph (Shoals:4)
  2 wind drakes
  A slime creature (D:15)
  A fire elemental (Elf:3)
  A wight (D:9)
  2 orc wizards (Orc:2)
  31 fungi
  A lurking horror (Abyss:3)
  2 pillars of salt (Zot:1)
  69 plants
  3 starspawn tentacles (Abyss:3)
145 creatures vanquished.

Grand Total: 2593 creatures vanquished

Table legend: (Time is in decaauts)
 A = Elapsed time spent in this place.
 B = Non-inter-level travel time spent in this place.
 C = Inter-level travel time spent in this place.
 D = Time resting spent in this place.
 E = Time spent auto-exploring this place.
 F = Levels seen in this place.
 G = Mean time per level.
                   A        B        C        D        E       F      G
               +--------+--------+--------+--------+--------+-----+--------+
         Total |  61641 |  56441 |   5200 |   6696 |  33371 |  59 | 1044.8 |
       Dungeon |  14657 |  12968 |   1689 |   1908 |   8460 |  15 |  977.1 |
        Temple |    221 |    173 |     48 |      0 |    166 |   1 |  221.0 |
          Lair |   6684 |   5750 |    934 |    498 |   4093 |   5 | 1336.8 |
        Shoals |   2778 |   2662 |    116 |      0 |   1879 |   4 |  694.5 |
     Snake Pit |   4037 |   3728 |    309 |    303 |   2108 |   4 | 1009.2 |
    Slime Pits |    843 |    792 |     51 |     42 |      0 |   5 |  168.6 |
  Orcish Mines |   1559 |   1302 |    257 |    106 |    842 |   2 |  779.5 |
   Elven Halls |   3951 |   3753 |    198 |    565 |   2031 |   3 | 1317.0 |
        Vaults |   8621 |   7760 |    861 |   1021 |   4366 |   5 | 1724.2 |
         Crypt |   3463 |   3318 |    145 |    251 |   1796 |   3 | 1154.3 |
        Depths |   7055 |   6777 |    278 |   1387 |   3363 |   4 | 1763.8 |
           Zot |   6349 |   6041 |    308 |    500 |   3947 |   5 | 1269.8 |
         Abyss |    478 |    478 |      0 |    106 |      0 |   1 |  478.0 |
        Wizlab |    531 |    531 |      0 |      2 |    176 |   1 |  531.0 |
      Gauntlet |    408 |    408 |      0 |      4 |    143 |   1 |  408.0 |
               +--------+--------+--------+--------+--------+-----+--------+

Top non-repeatable levels by time:
Depths:4: 2341 daAuts
   Zot:4: 2302 daAuts
   Elf:3: 2226 daAuts
Depths:3: 2153 daAuts
  Lair:5: 1988 daAuts
Vaults:1: 1811 daAuts
Vaults:2: 1779 daAuts
Vaults:4: 1751 daAuts
Vaults:3: 1681 daAuts
 Crypt:3: 1607 daAuts
Vaults:5: 1597 daAuts
  Lair:2: 1434 daAuts
  Lair:4: 1429 daAuts
    D:12: 1377 daAuts
Depths:2: 1372 daAuts

Table legend:
 A = Non-vault XP
 B = Vault XP
 C = Vault XP percentage of total XP
 D = Non-vault monster count
 E = Vault monster count
 F = Vault count percentage of total count
                 A         B        C        D         E       F
            +---------+---------+-------+---------+---------+-------
      Total |  849693 |  754212 |  47.0 |    1479 |     956 |  39.3
            +---------+---------+-------+---------+---------+-------
        D:1 |      28 |       4 |  12.5 |      17 |       4 |  19.0
        D:2 |      54 |     261 |  82.9 |      11 |       2 |  15.4
        D:3 |      24 |      52 |  68.4 |       8 |       6 |  42.9
        D:4 |     548 |       0 |   0.0 |      15 |       0 |   0.0
        D:5 |    1148 |       0 |   0.0 |      22 |       0 |   0.0
        D:6 |     454 |       0 |   0.0 |      14 |       0 |   0.0
        D:7 |     996 |       0 |   0.0 |      14 |       0 |   0.0
        D:8 |     694 |     480 |  40.9 |      13 |       1 |   7.1
        D:9 |    2299 |     607 |  20.9 |      22 |       1 |   4.3
       D:10 |    6112 |     536 |   8.1 |      30 |       7 |  18.9
       D:11 |    2669 |    8456 |  76.0 |      16 |      27 |  62.8
       D:12 |    5748 |     522 |   8.3 |      29 |      15 |  34.1
       D:13 |    3841 |    8025 |  67.6 |      10 |      14 |  58.3
       D:14 |    6810 |    2670 |  28.2 |      14 |       4 |  22.2
       D:15 |   10786 |    6738 |  38.5 |      28 |      15 |  34.9
     Lair:1 |     598 |       0 |   0.0 |       3 |       0 |   0.0
     Lair:2 |    4235 |    6957 |  62.2 |      15 |      52 |  77.6
     Lair:3 |    4372 |    1071 |  19.7 |      23 |       3 |  11.5
     Lair:4 |    6306 |    1492 |  19.1 |      26 |       4 |  13.3
     Lair:5 |   19203 |   12254 |  39.0 |      52 |      26 |  33.3
   Shoals:1 |    1225 |       0 |   0.0 |       3 |       0 |   0.0
   Shoals:2 |   12866 |    1816 |  12.4 |      26 |       4 |  13.3
   Shoals:3 |   13113 |       0 |   0.0 |      24 |       0 |   0.0
   Shoals:4 |   13229 |   27897 |  67.8 |      27 |      57 |  67.9
    Snake:1 |    5799 |       0 |   0.0 |      17 |       0 |   0.0
    Snake:2 |   24350 |   15230 |  38.5 |      47 |      28 |  37.3
    Snake:3 |   16856 |    4986 |  22.8 |      33 |       4 |  10.8
    Snake:4 |   10124 |   24148 |  70.5 |      26 |      35 |  57.4
    Slime:1 |    4920 |       0 |   0.0 |       8 |       0 |   0.0
    Slime:2 |    2572 |       0 |   0.0 |       2 |       0 |   0.0
    Slime:3 |    1082 |       0 |   0.0 |       1 |       0 |   0.0
    Slime:4 |    4953 |       0 |   0.0 |       7 |       0 |   0.0
    Slime:5 |   12858 |   24980 |  66.0 |      26 |      16 |  38.1
      Orc:1 |    3611 |       0 |   0.0 |      20 |       0 |   0.0
      Orc:2 |    2148 |    8016 |  78.9 |      27 |      35 |  56.5
      Elf:1 |   21342 |    6955 |  24.6 |      36 |      16 |  30.8
      Elf:2 |    8892 |    6613 |  42.7 |      16 |       9 |  36.0
      Elf:3 |   20182 |   28719 |  58.7 |      41 |      27 |  39.7
   Vaults:1 |   43048 |   18987 |  30.6 |      66 |      22 |  25.0
   Vaults:2 |   30200 |   25269 |  45.6 |      48 |      49 |  50.5
   Vaults:3 |   17329 |   19238 |  52.6 |      39 |      22 |  36.1
   Vaults:4 |   29249 |   47253 |  61.8 |      34 |      48 |  58.5
   Vaults:5 |   25502 |   86899 |  77.3 |      25 |      75 |  75.0
    Crypt:1 |   23455 |       0 |   0.0 |      39 |       0 |   0.0
    Crypt:2 |   28920 |    9540 |  24.8 |      51 |       6 |  10.5
    Crypt:3 |   44603 |   33596 |  43.0 |      45 |      50 |  52.6
   Depths:1 |   16788 |   14250 |  45.9 |      28 |      20 |  41.7
   Depths:2 |   22333 |   16852 |  43.0 |      26 |      15 |  36.6
   Depths:3 |   29363 |   45754 |  60.9 |      32 |      34 |  51.5
   Depths:4 |   48154 |   60207 |  55.6 |      48 |      43 |  47.3
      Zot:1 |   41745 |   12235 |  22.7 |      38 |      18 |  32.1
      Zot:2 |   51916 |   17821 |  25.6 |      45 |      16 |  26.2
      Zot:3 |   32055 |       0 |   0.0 |      28 |       0 |   0.0
      Zot:4 |   47016 |   81400 |  63.4 |      41 |      45 |  52.3
      Zot:5 |   44959 |   36851 |  45.0 |      40 |      24 |  37.5
    Abyss:3 |   16011 |       0 |   0.0 |      37 |       0 |   0.0
     WizLab |       0 |   24299 | 100.0 |       0 |      40 | 100.0
   Gauntlet |       0 |    4276 | 100.0 |       0 |      17 | 100.0
            +---------+---------+-------+---------+---------+-------
